Nordiques vs Sabres

Created - December 30, 2017 at 19:22

Goals
1 2 3 OT1 SO T
Nordiques 0 2 2 0 0 4
Sabres 3 1 0 0 1 5
Shots
1 2 3 OT1 SO T
Nordiques 10 12 8 2 3 32
Sabres 15 15 5 0 2 35

1st period

1. Sabres , Zack Kassian 11 (Andrei Loktionov 18, Evander Kane 15) at 12:40
2. Sabres , Kyle Okposo 10 (Ryan O'Reilly 12) at 12:46
3. Sabres , Ilya Kovalchuk 18 (Ryan O'Reilly 13, Rob Scuderi 12) at 13:00

Penalties :
Jarret Stoll (Que) for Hooking (Minor) at 17:41

2nd period

4. Sabres , Andrei Loktionov 12 (Matt Martin 6) at 10:10
5. Nordiques , Daniel Briere 18 (Vladimir Tarasenko 15, R.J. Umberger 15) at 11:22
6. Nordiques , Vladimir Tarasenko 13 (Daniel Briere 29, Bruno Gervais 1) at 12:45

Penalties :
Daniel Briere (Que) for Hooking (Minor) at 7:07, Rob Scuderi (Buf) for Roughing (Double Minor) at 18:13

3rd period

7. Nordiques , Dmitry Kulikov 2 (Jarret Stoll 1, Bruno Gervais 2) at 3:39
8. Nordiques , Jarret Stoll 1 (Matt Moulson 9, Dmitry Kulikov 7) at 14:56

Penalties :
Fedor Tyutin (Que) for High sticking (Minor) at 6:14, Matt Moulson (Que) for Hooking (Minor) at 12:03, Jordan Leopold (Buf) for Tripping (Minor) at 17:42

Overtime #1

No Goal

Penalties :
No Penalty

Shootout

Penalty Shot by Marek Svatos for Nordiques - Shot Misses the Net
Penalty Shot by Ilya Kovalchuk for Sabres - Stopped by John Gibson
Penalty Shot by Daniel Briere for Nordiques - Stopped by Robin Lehner
Penalty Shot by Vincent Lecavalier for Sabres - Goal!
Penalty Shot by Vladimir Tarasenko for Nordiques - Stopped by Robin Lehner

Penalties :
No Penalty

Goalie Stats

John Gibson (Que), 31 saves from 35 shots - (0.886), OTL, 0-0-1, 65:00 minutes
Robin Lehner (Buf), 28 saves from 32 shots - (0.875), W, 18-6-1, 65:00 minutes

Players Stats for Nordiques

Player Name              G  A  P  +/- PIM S  H  SB GA TA FO     MP     PP MP  PK MP  
------------------------------------------------------------------------------------
Bruno Gervais            0  2  2   1  0   0  1  0  0  0  0/0    19:31   1:47   0:20 
Daniel Briere            1  1  2  -1  2   6  2  0  2  1  10/29  23:54   2:52   2:51 
Dmitry Kulikov           1  1  2   1  0   3  1  0  1  0  0/0    21:29   1:47   1:52 
Fedor Tyutin             0  0  0  -3  2   1  1  4  0  2  0/0    29:54   4:11   3:32 
Jarret Stoll             1  1  2   2  2   3  1  0  2  0  2/5    12:43   0:10   0:27 
Jean-Pierre Dumont       0  0  0   2  0   1  1  0  0  1  1/2    12:38   0:00   0:00 
Kyle Calder              0  0  0   0  0   2  3  0  0  0  0/1    17:18   2:56   1:59 
Marek Svatos             0  0  0   0  0   3  0  0  0  0  2/7    20:08   3:02   4:04 
Mark Eaton               0  0  0   2  0   3  2  2  0  0  0/0    15:33   0:00   3:04 
Matt Moulson             0  1  1   2  2   2  0  0  1  0  1/1    13:23   0:10   0:30 
Michael Ryder            0  0  0  -1  0   2  1  0  0  0  0/0     7:15   0:00   0:00 
Nikolai Kulemin          0  0  0  -1  0   0  0  1  1  0  0/0     7:05   0:00   0:00 
Paul Gaustad             0  0  0   0  0   1  1  0  1  0  3/9    16:14   2:56   2:11 
R.J. Umberger            0  1  1  -1  0   0  2  0  1  1  0/1    21:52   2:52   1:55 
Rich Peverley            0  0  0  -1  0   2  0  0  1  0  2/3     7:05   0:00   0:00 
Ryan Ellis               0  0  0  -3  0   1  0  1  2  0  0/0    29:39   4:11   4:01 
T.J. Fast                0  0  0   2  0   0  1  3  0  0  0/0    14:07   0:00   3:03 
Vladimir Tarasenko       1  1  2  -1  0   2  0  0  0  0  2/2    22:12   2:56   1:55 

Players Stats for Sabres

Player Name              G  A  P  +/- PIM S  H  SB GA TA FO     MP     PP MP  PK MP  
------------------------------------------------------------------------------------
Andrei Loktionov         1  1  2   1  0   1  0  0  0  1  2/6    15:59   3:40   0:00 
Brad Richardson          0  0  0  -1  0   1  1  0  0  0  0/0     5:05   0:01   0:00 
Brandon Sutter           0  0  0  -1  0   0  0  0  0  1  6/9    12:50   4:16   3:16 
Darcy Hordichuk          0  0  0  -1  0   1  1  0  0  0  0/0     5:02   0:00   0:00 
Evander Kane             0  1  1   1  0   2  2  1  0  0  1/1    18:04   3:40   1:05 
Ilya Kovalchuk           1  0  1   1  0   8  2  0  2  1  1/2    23:44   4:04   1:26 
Jakub Kindl              0  0  0  -2  0   0  0  1  0  0  0/0    11:56   0:00   0:00 
Jared Cowen              0  0  0   0  0   4  0  4  1  5  0/0    25:30   2:51   3:39 
Jordan Leopold           0  0  0  -2  2   0  2  0  0  0  0/0    13:29   0:00   1:30 
Kyle Okposo              1  0  1   1  0   2  3  0  0  0  0/3    20:18   3:32   0:00 
Matt Martin              0  1  1  -1  0   0  1  1  0  0  0/0    16:04   0:00   3:27 
Michael Kostka           0  0  0   0  0   4  4  5  0  3  0/0    25:30   2:51   3:39 
Rob Scuderi              0  1  1   2  4   0  1  2  0  1  0/0    26:03   5:05   0:49 
Ryan O'Reilly            0  2  2   1  0   5  0  1  0  0  19/29  19:43   0:00   1:16 
Scottie Upshall          0  0  0  -1  0   2  2  0  0  0  0/0    12:36   0:00   0:00 
Vincent Lecavalier       0  0  0  -1  0   3  5  1  1  0  7/9    16:52   0:44   1:26 
Zach Bogosian            0  0  0   2  0   1  1  0  0  0  0/0    27:34   5:05   2:19 
Zack Kassian             1  0  1   1  0   1  3  1  1  0  1/1    17:41   3:51   0:00 

3 Stars

1 - Dmitry Kulikov (Que)
2 - Andrei Loktionov (Buf)
3 - Jarret Stoll (Que)

Power Play

Nordiques - 0 on 3 Attempt(s) - 0.00%
Sabres - 0 on 4 Attempt(s) - 0.00%

Penalty Kill

Nordiques - 4 on 4 Attempt(s) - 100.00% - Score 0 goal in Penalty Kill
Sabres - 3 on 3 Attempt(s) - 100.00% - Score 0 goal in Penalty Kill

Team Stat

Nordiques - Hits : 17 - Faceoff Wins : 23 - Blocked Shots : 11 - Penalty Minutes : 8
Sabres - Hits : 28 - Faceoff Wins : 37 - Blocked Shots : 17 - Penalty Minutes : 6

Official

Referees : Sutherland Kelly and Marouelli Dan
Linesman : Brad Lazarowich and Andy McElman

Game Notes

No Game Note

Finance

Level 1 -- Attendance: 5424 (90.40%) -- Ticket Income $488,160
Level 2 -- Attendance: 5000 (100.00%) -- Ticket Income $265,000
Level 3 -- Attendance: 1971 (98.55%) -- Ticket Income $67,014
Level 4 -- Attendance: 3777 (94.43%) -- Ticket Income $101,979
Luxury Box -- Attendance: 909 (90.90%) -- Ticket Income $146,349
Game was played at the Duff Garden.
Total Attendance: 17081 (94.89%)
Total Ticket Income: $1,068,502
Other Income: $160,275
Total Income: $1,228,777

Nordiques

5 vs 5 Forward 
   Center                   Left Wing                Right Wing               Time % Phy DF OF 
 1 Daniel Briere            R.J. Umberger            Vladimir Tarasenko       40     0   1  4  
 2 Paul Gaustad             Kyle Calder              Marek Svatos             30     0   1  4  
 3 Jarret Stoll             Matt Moulson             Jean-Pierre Dumont       20     0   1  4  
 4 Rich Peverley            Nikolai Kulemin          Michael Ryder            10     0   2  3  

5 vs 5 Defense 
   Defense                  Defense                                           Time % Phy DF OF 
 1 Fedor Tyutin             Ryan Ellis                                        40     0   4  1  
 2 Bruno Gervais            Dmitry Kulikov                                    30     0   4  1  
 3 T.J. Fast                Mark Eaton                                        20     0   4  1  
 4 Ryan Ellis               Fedor Tyutin                                      10     0   4  1  

PowerPlay Forward 
   Center                   Left Wing                Right Wing               Time % Phy DF OF 
 1 Daniel Briere            R.J. Umberger            Marek Svatos             60     0   0  5  
 2 Paul Gaustad             Kyle Calder              Vladimir Tarasenko       40     0   0  5  

PowerPlay Defense
   Defense                  Defense                                           Time % Phy DF OF 
 1 Fedor Tyutin             Ryan Ellis                                        60     0   1  4  
 2 Dmitry Kulikov           Bruno Gervais                                     40     0   1  4  

Penalty Kill 4 Players Forward 
   Center                   Wing                     Time % Phy DF OF 
 1 Marek Svatos             Daniel Briere            60     0   3  2  
 2 Vladimir Tarasenko       R.J. Umberger            40     0   3  2  

Penalty Kill 4 Players Defense
   Defense                  Defense                  Time % Phy DF OF 
 1 Fedor Tyutin             Ryan Ellis               60     0   5  0  
 2 T.J. Fast                Mark Eaton               40     0   5  0  

Penalty Kill - 3 Players Forward 
   Forward                                           Time % Phy DF OF 
 1 Marek Svatos                                      60     0   5  0  
 2 Daniel Briere                                     40     0   5  0  

Penalty Kill - 3 Players Defense
   Defense                  Defense                  Time % Phy DF OF 
 1 Fedor Tyutin             Ryan Ellis               60     0   5  0  
 2 T.J. Fast                Mark Eaton               40     0   5  0  

4 vs 4 Forward 
   Center                   Wing                     Time % Phy DF OF 
 1 Marek Svatos             Daniel Briere            60     0   2  3  
 2 Vladimir Tarasenko       R.J. Umberger            40     0   2  3  

4 vs 4 Defense
   Defense                  Defense                  Time % Phy DF OF 
 1 Fedor Tyutin             Ryan Ellis               60     0   4  1  
 2 Dmitry Kulikov           Mark Eaton               40     0   4  1  

Last Minutes Offensive
   Center                   Left Wing                Right Wing               Defense                  Defense                  
   Daniel Briere            R.J. Umberger            Marek Svatos             Fedor Tyutin             Ryan Ellis               

Last Minutes Defensive
   Center                   Left Wing                Right Wing               Defense                  Defense                  
   Paul Gaustad             R.J. Umberger            Marek Svatos             Fedor Tyutin             Mark Eaton               

Goaltenders
Starting : John Gibson              
Backup : Julien Ellis             

Extra Forwards
Normal : Daniel Briere, Vladimir Tarasenko, Jean-Pierre Dumont - PP : Daniel Briere, Vladimir Tarasenko - PK : Paul Gaustad
Extra Defensemen
Normal : Ryan Ellis, Dmitry Kulikov, Fedor Tyutin - PP : Ryan Ellis - PK : Dmitry Kulikov, Mark Eaton
Penalty Shots
Marek Svatos, Daniel Briere, Vladimir Tarasenko, R.J. Umberger, Jean-Pierre Dumont

Scratches
Chris Drury (Healthy), Dustin Byfuglien (Strained Right Elbow Injury), Tyler Weiman (Healthy)

Sabres

5 vs 5 Forward 
   Center                   Left Wing                Right Wing               Time % Phy DF OF 
 1 Ryan O'Reilly            Ilya Kovalchuk           Kyle Okposo              40     0   2  3  
 2 Andrei Loktionov         Evander Kane             Zack Kassian             26     0   2  3  
 3 Vincent Lecavalier       Matt Martin              Scottie Upshall          26     1   2  2  
 4 Brandon Sutter           Darcy Hordichuk          Brad Richardson          8      0   3  2  

5 vs 5 Defense 
   Defense                  Defense                                           Time % Phy DF OF 
 1 Zach Bogosian            Rob Scuderi                                       41     0   2  3  
 2 Michael Kostka           Jared Cowen                                       36     0   3  2  
 3 Jakub Kindl              Jordan Leopold                                    23     0   4  1  
 4 Michael Kostka           Jared Cowen                                       0      0   3  2  

PowerPlay Forward 
   Center                   Left Wing                Right Wing               Time % Phy DF OF 
 1 Brandon Sutter           Ilya Kovalchuk           Zack Kassian             60     1   0  4  
 2 Andrei Loktionov         Evander Kane             Kyle Okposo              40     1   0  4  

PowerPlay Defense
   Defense                  Defense                                           Time % Phy DF OF 
 1 Zach Bogosian            Rob Scuderi                                       60     0   1  4  
 2 Michael Kostka           Jared Cowen                                       40     0   1  4  

Penalty Kill 4 Players Forward 
   Center                   Wing                     Time % Phy DF OF 
 1 Brandon Sutter           Matt Martin              60     1   4  0  
 2 Vincent Lecavalier       Ilya Kovalchuk           40     1   4  0  

Penalty Kill 4 Players Defense
   Defense                  Defense                  Time % Phy DF OF 
 1 Michael Kostka           Jared Cowen              60     0   5  0  
 2 Zach Bogosian            Rob Scuderi              40     0   5  0  

Penalty Kill - 3 Players Forward 
   Forward                                           Time % Phy DF OF 
 1 Brandon Sutter                                    60     0   5  0  
 2 Darcy Hordichuk                                   40     0   5  0  

Penalty Kill - 3 Players Defense
   Defense                  Defense                  Time % Phy DF OF 
 1 Michael Kostka           Jared Cowen              60     0   5  0  
 2 Zach Bogosian            Rob Scuderi              40     0   5  0  

4 vs 4 Forward 
   Center                   Wing                     Time % Phy DF OF 
 1 Ryan O'Reilly            Ilya Kovalchuk           60     1   2  2  
 2 Vincent Lecavalier       Zack Kassian             40     1   2  2  

4 vs 4 Defense
   Defense                  Defense                  Time % Phy DF OF 
 1 Zach Bogosian            Rob Scuderi              60     1   2  2  
 2 Michael Kostka           Jared Cowen              40     1   2  2  

Last Minutes Offensive
   Center                   Left Wing                Right Wing               Defense                  Defense                  
   Vincent Lecavalier       Ilya Kovalchuk           Kyle Okposo              Zach Bogosian            Michael Kostka           

Last Minutes Defensive
   Center                   Left Wing                Right Wing               Defense                  Defense                  
   Brandon Sutter           Ilya Kovalchuk           Zack Kassian             Zach Bogosian            Jared Cowen              

Goaltenders
Starting : Robin Lehner             
Backup : Jonas Hiller             

Extra Forwards
Normal : Ilya Kovalchuk, Kyle Okposo, Vincent Lecavalier - PP : Kyle Okposo, Vincent Lecavalier - PK : Matt Martin
Extra Defensemen
Normal : Jakub Kindl, Jordan Leopold, Michael Kostka - PP : Jakub Kindl - PK : Jordan Leopold, Michael Kostka
Penalty Shots
Ilya Kovalchuk, Vincent Lecavalier, Evander Kane, Darcy Hordichuk, Kyle Okposo

Scratches
Michael Haley (Healthy)

% Time on Ice - Nordiques

Lines # - Real PCT - Wanted PCT - Time Play
Normal Forward
1 - 37% - 40% - 16:53
2 - 25% - 30% - 11:18
3 - 23% - 20% - 10:50
4 - 15% - 10% - 7:05
Normal Defense
1 - 37% - 40% - 17:11
2 - 37% - 30% - 17:09
3 - 20% - 20% - 9:18
4 - 5% - 10% - 2:28
PP Forward
1 - 51% - 60% - 3:02
2 - 49% - 40% - 2:56
PP Defense
1 - 70% - 60% - 4:11
2 - 30% - 40% - 1:47
PK Forward
1 - 76% - 60% - 6:01
2 - 24% - 40% - 1:55
PK Defense
1 - 62% - 60% - 4:53
2 - 38% - 40% - 3:03
PK3 Forward
1 - 0% - 60%
2 - 0% - 40%
PK3 Defense
1 - 0% - 60%
2 - 0% - 40%
44 Forward
1 - 88% - 60% - 4:24
2 - 12% - 40% - 0:36
44 Defense
1 - 59% - 60% - 2:56
2 - 41% - 40% - 2:04
Last Minute Offensive  - 0:00
Last Minute Defensive  - 0:00
Total
Forward - 65:00
Defense - 65:00

% Time on Ice - Sabres

Lines # - Real PCT - Wanted PCT - Time Play
Normal Forward
1 - 35% - 40% - 16:06
2 - 27% - 26% - 12:22
3 - 27% - 26% - 12:36
4 - 11% - 8% - 5:02
Normal Defense
1 - 39% - 41% - 17:47
2 - 37% - 36% - 16:57
3 - 24% - 23% - 11:12
4 - 0% - 0% - 0:10
PP Forward
1 - 54% - 60% - 4:16
2 - 46% - 40% - 3:40
PP Defense
1 - 64% - 60% - 5:05
2 - 36% - 40% - 2:51
PK Forward
1 - 76% - 60% - 4:32
2 - 24% - 40% - 1:26
PK Defense
1 - 61% - 60% - 3:39
2 - 39% - 40% - 2:19
PK3 Forward
1 - 0% - 60%
2 - 0% - 40%
PK3 Defense
1 - 0% - 60%
2 - 0% - 40%
44 Forward
1 - 68% - 60% - 3:25
2 - 32% - 40% - 1:35
44 Defense
1 - 61% - 60% - 3:03
2 - 39% - 40% - 1:57
Last Minute Offensive  - 0:00
Last Minute Defensive  - 0:00
Total
Forward - 65:00
Defense - 65:00

Play by Play

1st period


0:01 of 1st period - Ryan O'Reilly wins face-off versus R.J. Umberger in neutral zone.
0:14 of 1st period - Slapshot by Vladimir Tarasenko.
0:14 of 1st period - Shot Misses the Net.
0:26 of 1st period - Fedor Tyutin is hit by Evander Kane and loses puck.
0:51 of 1st period - Snap shot by Scottie Upshall.
0:51 of 1st period - Shot Misses the Net.
1:49 of 1st period - Snap shot by Matt Moulson.
1:49 of 1st period - Stopped by Robin Lehner without a rebound.
1:50 of 1st period - Andrei Loktionov wins face-off versus Jarret Stoll in Sabres zone.
1:50 of 1st period - Andrei Loktionov is hit by T.J. Fast.
2:08 of 1st period - Zack Kassian is hit by Jarret Stoll and loses puck.
2:38 of 1st period - Snap shot by Evander Kane.
2:38 of 1st period - Shot Misses the Net.
2:40 of 1st period - Snap shot by Jared Cowen.
2:40 of 1st period - Stopped by John Gibson with a rebound.
2:44 of 1st period - Wrist shot by Evander Kane.
2:44 of 1st period - Stopped by John Gibson without a rebound.
2:45 of 1st period - Paul Gaustad wins face-off versus Ryan O'Reilly in Nordiques zone.
2:56 of 1st period - Wrist shot by Ilya Kovalchuk.
2:56 of 1st period - Stopped by John Gibson with a rebound.
3:11 of 1st period - Marek Svatos is hit by Brad Richardson and loses puck.
3:20 of 1st period - Wrist shot by Brad Richardson.
3:20 of 1st period - Stopped by John Gibson with a rebound.
3:40 of 1st period - Snap shot by Vincent Lecavalier.
3:40 of 1st period - Stopped by John Gibson with a rebound.
3:42 of 1st period - Slapshot by Jared Cowen.
3:42 of 1st period - Deflect By Mark Eaton.
3:42 of 1st period - Stopped by John Gibson with a rebound.
3:44 of 1st period - Snap shot by Michael Kostka.
3:44 of 1st period - Stopped by John Gibson with a rebound.
3:46 of 1st period - Wrist shot by Scottie Upshall.
3:46 of 1st period - Stopped by John Gibson without a rebound.
3:47 of 1st period - Daniel Briere wins face-off versus Kyle Okposo in Nordiques zone.
4:35 of 1st period - Slapshot by Michael Ryder.
4:35 of 1st period - Stopped by Robin Lehner without a rebound.
4:36 of 1st period - Andrei Loktionov wins face-off versus Jarret Stoll in Sabres zone.
5:11 of 1st period - Zack Kassian is hit by R.J. Umberger and loses puck.
6:12 of 1st period - Snap shot by Matt Moulson.
6:12 of 1st period - Shot Misses the Net.
6:16 of 1st period - Snap shot by Matt Moulson.
6:16 of 1st period - Deflect By Jean-Pierre Dumont.
6:16 of 1st period - Shot Misses the Net.
6:16 of 1st period - Puck is out of play.
6:17 of 1st period - Ryan O'Reilly wins face-off versus Daniel Briere in Sabres zone.
7:52 of 1st period - Zach Bogosian is hit by Daniel Briere and loses puck.
8:07 of 1st period - Paul Gaustad is hit by Scottie Upshall and loses puck.
8:16 of 1st period - Wrist shot by Kyle Calder.
8:16 of 1st period - Stopped by Robin Lehner without a rebound.
8:17 of 1st period - Paul Gaustad wins face-off versus Kyle Okposo in Sabres zone.
8:22 of 1st period - Snap shot by Kyle Calder.
8:22 of 1st period - Shot Misses the Net.
8:28 of 1st period - Snap shot by Marek Svatos.
8:28 of 1st period - Shot Misses the Net.
8:44 of 1st period - Vladimir Tarasenko is hit by Vincent Lecavalier and loses puck.
8:55 of 1st period - Snap shot by Vincent Lecavalier.
8:55 of 1st period - Stopped by John Gibson with a rebound.
9:11 of 1st period - Jarret Stoll is hit by Michael Kostka and loses puck.
10:11 of 1st period - Jarret Stoll is hit by Scottie Upshall and loses puck.
10:48 of 1st period - Snap shot by Rich Peverley.
10:48 of 1st period - Stopped by Robin Lehner with a rebound.
10:50 of 1st period - Snap shot by Mark Eaton.
10:50 of 1st period - Stopped by Robin Lehner with a rebound.
10:52 of 1st period - Slapshot by Mark Eaton.
10:52 of 1st period - Shot Blocked by Jakub Kindl.
11:14 of 1st period - Wrist shot by Ilya Kovalchuk.
11:14 of 1st period - Stopped by John Gibson with a rebound.
11:16 of 1st period - Wrist shot by Ilya Kovalchuk.
11:16 of 1st period - Shot Misses the Net.
11:20 of 1st period - Wrist shot by Ryan O'Reilly.
11:20 of 1st period - Stopped by John Gibson without a rebound.
11:21 of 1st period - Vladimir Tarasenko wins face-off versus Ryan O'Reilly in Nordiques zone.
11:48 of 1st period - Mark Eaton is hit by Vincent Lecavalier and loses puck.
11:55 of 1st period - Slapshot by Ryan Ellis.
11:55 of 1st period - Shot Misses the Net.
12:28 of 1st period - Icing by Zach Bogosian.
12:29 of 1st period - Zack Kassian wins face-off versus Daniel Briere in Sabres zone.
12:40 of 1st period - Wrist shot by Zack Kassian.
12:40 of 1st period - Goal by Zack Kassian - Nordiques : 0 - Sabres : 1.
12:41 of 1st period - Ryan O'Reilly wins face-off versus Daniel Briere in neutral zone.
12:46 of 1st period - Snap shot by Kyle Okposo.
12:46 of 1st period - Goal by Kyle Okposo - Nordiques : 0 - Sabres : 2.
12:47 of 1st period - Ryan O'Reilly wins face-off versus Daniel Briere in neutral zone.
12:56 of 1st period - Wrist shot by Kyle Okposo.
12:56 of 1st period - Shot Blocked by Ryan Ellis.
12:58 of 1st period - Wrist shot by Rob Scuderi.
12:58 of 1st period - Shot Blocked by Fedor Tyutin.
13:00 of 1st period - Snap shot by Ryan O'Reilly.
13:00 of 1st period - Deflect By Ilya Kovalchuk.
13:00 of 1st period - Goal by Ilya Kovalchuk - Nordiques : 0 - Sabres : 3.
13:01 of 1st period - Ryan O'Reilly wins face-off versus Daniel Briere in neutral zone.
13:35 of 1st period - Wrist shot by Marek Svatos.
13:35 of 1st period - Deflect By Kyle Calder.
13:35 of 1st period - Shot Misses the Net.
13:35 of 1st period - Puck is out of play.
13:36 of 1st period - Vincent Lecavalier wins face-off versus Paul Gaustad in Sabres zone.
13:51 of 1st period - Snap shot by Vincent Lecavalier.
13:51 of 1st period - Deflect By Mark Eaton.
13:51 of 1st period - Stopped by John Gibson with a rebound.
14:25 of 1st period - Slapshot by Fedor Tyutin.
14:25 of 1st period - Deflect By Zack Kassian.
14:25 of 1st period - Stopped by Robin Lehner without a rebound.
14:26 of 1st period - Daniel Briere wins face-off versus Andrei Loktionov in Sabres zone.
14:39 of 1st period - Snap shot by Evander Kane.
14:39 of 1st period - Shot Misses the Net.
14:41 of 1st period - Slapshot by Zach Bogosian.
14:41 of 1st period - Shot Misses the Net.
14:47 of 1st period - Wrist shot by Evander Kane.
14:47 of 1st period - Shot Misses the Net.
14:49 of 1st period - Snap shot by Rob Scuderi.
14:49 of 1st period - Shot Blocked by Fedor Tyutin.
15:05 of 1st period - Wrist shot by R.J. Umberger.
15:05 of 1st period - Shot Blocked by Jared Cowen.
15:07 of 1st period - Slapshot by Ryan Ellis.
15:07 of 1st period - Shot Blocked by Michael Kostka.
15:09 of 1st period - Wrist shot by Daniel Briere.
15:09 of 1st period - Shot Misses the Net.
15:43 of 1st period - Icing by Jared Cowen.
15:44 of 1st period - Evander Kane wins face-off versus Kyle Calder in Sabres zone.
15:51 of 1st period - Slapshot by Paul Gaustad.
15:51 of 1st period - Stopped by Robin Lehner with a rebound.
15:55 of 1st period - Wrist shot by Marek Svatos.
15:55 of 1st period - Stopped by Robin Lehner without a rebound.
15:56 of 1st period - Paul Gaustad wins face-off versus Ilya Kovalchuk in Sabres zone.
15:57 of 1st period - Wrist shot by Kyle Calder.
15:57 of 1st period - Stopped by Robin Lehner without a rebound.
15:58 of 1st period - Ryan O'Reilly wins face-off versus Paul Gaustad in Sabres zone.
16:51 of 1st period - Snap shot by Rich Peverley.
16:51 of 1st period - Shot Misses the Net.
16:53 of 1st period - Slapshot by Dmitry Kulikov.
16:53 of 1st period - Shot Misses the Net.
17:26 of 1st period - Wrist shot by Marek Svatos.
17:26 of 1st period - Shot Blocked by Michael Kostka.
17:41 of 1st period - Minor Penalty to Jarret Stoll for Hooking.
17:42 of 1st period - Marek Svatos wins face-off versus Brandon Sutter in Nordiques zone.
17:50 of 1st period - Fedor Tyutin is hit by Zack Kassian and loses puck.
17:55 of 1st period - Snap shot by Ilya Kovalchuk.
17:55 of 1st period - Shot Misses the Net.
17:57 of 1st period - Snap shot by Ilya Kovalchuk.
17:57 of 1st period - Shot Misses the Net.
19:41 of 1st period - Penalty to Jarret Stoll is over, Jarret Stoll is back on ice.
19:47 of 1st period - Snap shot by Michael Ryder.
19:47 of 1st period - Stopped by Robin Lehner without a rebound.
19:48 of 1st period - Vincent Lecavalier wins face-off versus Rich Peverley in Sabres zone.
Goals for this period are 0 for Nordiques vs 3 for Sabres.
Shots for this period are 10 for Nordiques vs 15 for Sabres.

2nd period


0:01 of 2nd period - Ryan O'Reilly wins face-off versus Daniel Briere in neutral zone.
0:16 of 2nd period - Fedor Tyutin is hit by Zach Bogosian and loses puck.
0:55 of 2nd period - Slapshot by Matt Moulson.
0:55 of 2nd period - Shot Misses the Net.
0:57 of 2nd period - Slapshot by Ryan Ellis.
0:57 of 2nd period - Stopped by Robin Lehner without a rebound.
0:58 of 2nd period - Jarret Stoll wins face-off versus Ryan O'Reilly in Sabres zone.
1:07 of 2nd period - Snap shot by Matt Moulson.
1:07 of 2nd period - Shot Blocked by Jared Cowen.
1:09 of 2nd period - Slapshot by Dmitry Kulikov.
1:09 of 2nd period - Shot Misses the Net.
1:11 of 2nd period - Snap shot by Jarret Stoll.
1:11 of 2nd period - Deflect By Ilya Kovalchuk.
1:11 of 2nd period - Shot Hit the Post.
1:11 of 2nd period - Puck is out of play.
1:12 of 2nd period - Ryan O'Reilly wins face-off versus Daniel Briere in Sabres zone.
1:27 of 2nd period - Snap shot by Ilya Kovalchuk.
1:27 of 2nd period - Shot Misses the Net.
1:29 of 2nd period - Slapshot by Rob Scuderi.
1:29 of 2nd period - Deflect By Ilya Kovalchuk.
1:29 of 2nd period - Stopped by John Gibson with a rebound.
1:57 of 2nd period - Off-side.
1:58 of 2nd period - Jarret Stoll wins face-off versus Andrei Loktionov in neutral zone.
2:32 of 2nd period - Wrist shot by Daniel Briere.
2:32 of 2nd period - Shot Blocked by Ryan O'Reilly.
2:46 of 2nd period - Snap shot by Vladimir Tarasenko.
2:46 of 2nd period - Shot Blocked by Rob Scuderi.
3:05 of 2nd period - Ryan Ellis is hit by Darcy Hordichuk.
3:35 of 2nd period - Backhand shot by Jean-Pierre Dumont.
3:35 of 2nd period - Stopped by Robin Lehner with a rebound.
3:37 of 2nd period - Snap shot by Mark Eaton.
3:37 of 2nd period - Deflect By Jarret Stoll.
3:37 of 2nd period - Shot Misses the Net.
3:37 of 2nd period - Puck is out of play.
3:38 of 2nd period - Daniel Briere wins face-off versus Ryan O'Reilly in Sabres zone.
3:39 of 2nd period - Snap shot by R.J. Umberger.
3:39 of 2nd period - Deflect By Daniel Briere.
3:39 of 2nd period - Shot Misses the Net.
3:39 of 2nd period - Puck is out of play.
3:40 of 2nd period - Ilya Kovalchuk wins face-off versus Daniel Briere in Sabres zone.
3:49 of 2nd period - Snap shot by Daniel Briere.
3:49 of 2nd period - Stopped by Robin Lehner with a rebound.
3:55 of 2nd period - Snap shot by Daniel Briere.
3:55 of 2nd period - Stopped by Robin Lehner with a rebound.
4:05 of 2nd period - Paul Gaustad is hit by Michael Kostka and loses puck.
4:30 of 2nd period - Snap shot by Evander Kane.
4:30 of 2nd period - Shot Hit the Post.
5:18 of 2nd period - Fedor Tyutin is hit by Kyle Okposo and loses puck.
5:33 of 2nd period - Evander Kane is hit by Paul Gaustad.
5:37 of 2nd period - Fedor Tyutin is hit by Zack Kassian and loses puck.
6:20 of 2nd period - Snap shot by Vladimir Tarasenko.
6:20 of 2nd period - Stopped by Robin Lehner without a rebound.
6:21 of 2nd period - Ryan O'Reilly wins face-off versus Daniel Briere in Sabres zone.
6:21 of 2nd period - Ryan O'Reilly is hit by Daniel Briere.
6:34 of 2nd period - Slapshot by Ryan O'Reilly.
6:34 of 2nd period - Shot Blocked by T.J. Fast.
6:36 of 2nd period - Slapshot by Michael Kostka.
6:36 of 2nd period - Shot Misses the Net.
6:38 of 2nd period - Slapshot by Michael Kostka.
6:38 of 2nd period - Stopped by John Gibson with a rebound.
6:40 of 2nd period - Wrist shot by Kyle Okposo.
6:40 of 2nd period - Stopped by John Gibson with a rebound.
6:42 of 2nd period - Snap shot by Ilya Kovalchuk.
6:42 of 2nd period - Shot Misses the Net.
6:44 of 2nd period - Slapshot by Michael Kostka.
6:44 of 2nd period - Stopped by John Gibson with a rebound.
6:46 of 2nd period - Slapshot by Michael Kostka.
6:46 of 2nd period - Shot Blocked by Mark Eaton.
6:48 of 2nd period - Slapshot by Ryan O'Reilly.
6:48 of 2nd period - Stopped by John Gibson with a rebound.
6:50 of 2nd period - Snap shot by Jared Cowen.
6:50 of 2nd period - Stopped by John Gibson with a rebound.
6:52 of 2nd period - Slapshot by Jared Cowen.
6:52 of 2nd period - Shot Misses the Net.
6:54 of 2nd period - Slapshot by Jared Cowen.
6:54 of 2nd period - Deflect By Ryan O'Reilly.
6:54 of 2nd period - Stopped by John Gibson with a rebound.
6:56 of 2nd period - Snap shot by Ilya Kovalchuk.
6:56 of 2nd period - Shot Blocked by T.J. Fast.
6:58 of 2nd period - Slapshot by Michael Kostka.
6:58 of 2nd period - Stopped by John Gibson with a rebound.
7:00 of 2nd period - Snap shot by Ryan O'Reilly.
7:00 of 2nd period - Stopped by John Gibson with a rebound.
7:02 of 2nd period - Snap shot by Ryan O'Reilly.
7:02 of 2nd period - Shot Blocked by T.J. Fast.
7:07 of 2nd period - Minor Penalty to Daniel Briere for Hooking.
7:08 of 2nd period - Brandon Sutter wins face-off versus Marek Svatos in Nordiques zone.
8:34 of 2nd period - Marek Svatos is hit by Vincent Lecavalier and loses puck.
9:07 of 2nd period - Penalty to Daniel Briere is over, Daniel Briere is back on ice.
9:25 of 2nd period - Slapshot by T.J. Fast.
9:25 of 2nd period - Shot Blocked by Matt Martin.
9:27 of 2nd period - Wrist shot by Jarret Stoll.
9:27 of 2nd period - Shot Blocked by Vincent Lecavalier.
9:29 of 2nd period - Slapshot by Mark Eaton.
9:29 of 2nd period - Stopped by Robin Lehner without a rebound.
9:30 of 2nd period - Rich Peverley wins face-off versus Brandon Sutter in Sabres zone.
9:37 of 2nd period - Snap shot by Rich Peverley.
9:37 of 2nd period - Stopped by Robin Lehner with a rebound.
9:43 of 2nd period - Dmitry Kulikov is hit by Jordan Leopold and loses puck.
10:10 of 2nd period - Slapshot by Andrei Loktionov.
10:10 of 2nd period - Goal by Andrei Loktionov - Nordiques : 0 - Sabres : 4.
10:11 of 2nd period - Ryan O'Reilly wins face-off versus Daniel Briere in neutral zone.
11:04 of 2nd period - Wrist shot by Andrei Loktionov.
11:04 of 2nd period - Shot Misses the Net.
11:06 of 2nd period - Wrist shot by Zack Kassian.
11:06 of 2nd period - Deflect By Evander Kane.
11:06 of 2nd period - Shot Misses the Net.
11:06 of 2nd period - Puck is out of play.
11:07 of 2nd period - Daniel Briere wins face-off versus Kyle Okposo in Nordiques zone.
11:22 of 2nd period - Slapshot by Vladimir Tarasenko.
11:22 of 2nd period - Deflect By Daniel Briere.
11:22 of 2nd period - Goal by Daniel Briere - Nordiques : 1 - Sabres : 4.
11:23 of 2nd period - Ryan O'Reilly wins face-off versus Daniel Briere in neutral zone.
12:18 of 2nd period - Backhand shot by Fedor Tyutin.
12:18 of 2nd period - Shot Blocked by Jared Cowen.
12:24 of 2nd period - Matt Moulson is hit by Michael Kostka and loses puck.
12:45 of 2nd period - Backhand shot by Vladimir Tarasenko.
12:45 of 2nd period - Goal by Vladimir Tarasenko - Nordiques : 2 - Sabres : 4.
12:46 of 2nd period - Daniel Briere wins face-off versus Ryan O'Reilly in neutral zone.
12:51 of 2nd period - Snap shot by Daniel Briere.
12:51 of 2nd period - Shot Misses the Net.
12:53 of 2nd period - Slapshot by Fedor Tyutin.
12:53 of 2nd period - Shot Misses the Net.
13:12 of 2nd period - Vincent Lecavalier is hit by Jean-Pierre Dumont and loses puck.
13:35 of 2nd period - Vincent Lecavalier is hit by Michael Ryder and loses puck.
13:51 of 2nd period - T.J. Fast is hit by Michael Kostka and loses puck.
14:02 of 2nd period - Snap shot by Scottie Upshall.
14:02 of 2nd period - Stopped by John Gibson without a rebound.
14:03 of 2nd period - Ryan O'Reilly wins face-off versus Daniel Briere in Nordiques zone.
14:10 of 2nd period - Wrist shot by Ilya Kovalchuk.
14:10 of 2nd period - Stopped by John Gibson without a rebound.
14:11 of 2nd period - Daniel Briere wins face-off versus Ryan O'Reilly in Nordiques zone.
14:56 of 2nd period - Backhand shot by Kyle Okposo.
14:56 of 2nd period - Shot Misses the Net.
15:18 of 2nd period - Wrist shot by Ryan O'Reilly.
15:18 of 2nd period - Stopped by John Gibson with a rebound.
15:20 of 2nd period - Wrist shot by Ryan O'Reilly.
15:20 of 2nd period - Deflect By Ilya Kovalchuk.
15:20 of 2nd period - Shot Hit the Post.
15:20 of 2nd period - Puck is out of play.
15:21 of 2nd period - Vincent Lecavalier wins face-off versus Paul Gaustad in Nordiques zone.
16:17 of 2nd period - Backhand shot by Darcy Hordichuk.
16:17 of 2nd period - Stopped by John Gibson with a rebound.
16:19 of 2nd period - Slapshot by Jared Cowen.
16:19 of 2nd period - Stopped by John Gibson with a rebound.
16:33 of 2nd period - Backhand shot by Vincent Lecavalier.
16:33 of 2nd period - Deflect By Matt Martin.
16:33 of 2nd period - Shot Blocked by Nikolai Kulemin.
16:33 of 2nd period - Puck is out of play.
16:34 of 2nd period - Vincent Lecavalier wins face-off versus Paul Gaustad in Nordiques zone.
17:32 of 2nd period - Snap shot by Mark Eaton.
17:32 of 2nd period - Stopped by Robin Lehner without a rebound.
17:33 of 2nd period - Ryan O'Reilly wins face-off versus Paul Gaustad in Sabres zone.
17:45 of 2nd period - Ilya Kovalchuk is hit by Kyle Calder and loses puck.
18:07 of 2nd period - Snap shot by Daniel Briere.
18:07 of 2nd period - Shot Misses the Net.
18:13 of 2nd period - Double Minor Penalty to Rob Scuderi for Roughing.
18:14 of 2nd period - Brandon Sutter wins face-off versus Daniel Briere in Sabres zone.
18:24 of 2nd period - Wrist shot by Marek Svatos.
18:24 of 2nd period - Shot Misses the Net.
18:49 of 2nd period - Wrist shot by Daniel Briere.
18:49 of 2nd period - Stopped by Robin Lehner with a rebound.
18:51 of 2nd period - Slapshot by Marek Svatos.
18:51 of 2nd period - Stopped by Robin Lehner with a rebound.
19:11 of 2nd period - Wrist shot by Marek Svatos.
19:11 of 2nd period - Shot Blocked by Jared Cowen.
19:13 of 2nd period - Snap shot by R.J. Umberger.
19:13 of 2nd period - Shot Blocked by Michael Kostka.
19:15 of 2nd period - Slapshot by Fedor Tyutin.
19:15 of 2nd period - Shot Misses the Net.
19:17 of 2nd period - Snap shot by Ryan Ellis.
19:17 of 2nd period - Shot Misses the Net.
19:25 of 2nd period - Wrist shot by R.J. Umberger.
19:25 of 2nd period - Deflect By Marek Svatos.
19:25 of 2nd period - Shot Blocked by Michael Kostka.
19:25 of 2nd period - Puck is out of play.
19:26 of 2nd period - Vincent Lecavalier wins face-off versus Paul Gaustad in Sabres zone.
Goals for this period are 2 for Nordiques vs 1 for Sabres.
Shots for this period are 12 for Nordiques vs 15 for Sabres.

3rd period


0:01 of 3rd period - Daniel Briere wins face-off versus Brandon Sutter in neutral zone.
1:11 of 3rd period - Zach Bogosian is hit by Kyle Calder and loses puck.
2:05 of 3rd period - Jared Cowen is hit by R.J. Umberger and loses puck.
2:10 of 3rd period - Wrist shot by Marek Svatos.
2:10 of 3rd period - Deflect By Daniel Briere.
2:10 of 3rd period - Stopped by Robin Lehner without a rebound.
2:11 of 3rd period - Brandon Sutter wins face-off versus Daniel Briere in Sabres zone.
2:13 of 3rd period - Penalty to Rob Scuderi is over, Rob Scuderi is back on ice.
2:28 of 3rd period - Ryan O'Reilly is hit by Bruno Gervais and loses puck.
2:39 of 3rd period - Matt Moulson is hit by Evander Kane and loses puck.
2:49 of 3rd period - Off-side.
2:50 of 3rd period - Rich Peverley wins face-off versus Andrei Loktionov in neutral zone.
3:30 of 3rd period - Bruno Gervais is hit by Ilya Kovalchuk and loses puck.
3:39 of 3rd period - Slapshot by Dmitry Kulikov.
3:39 of 3rd period - Goal by Dmitry Kulikov - Nordiques : 3 - Sabres : 4.
3:40 of 3rd period - Daniel Briere wins face-off versus Ryan O'Reilly in neutral zone.
4:38 of 3rd period - Slapshot by Nikolai Kulemin.
4:38 of 3rd period - Shot Blocked by Zack Kassian.
4:40 of 3rd period - Slapshot by Dmitry Kulikov.
4:40 of 3rd period - Stopped by Robin Lehner without a rebound.
4:41 of 3rd period - Ryan O'Reilly wins face-off versus Daniel Briere in Sabres zone.
5:32 of 3rd period - Slapshot by Dmitry Kulikov.
5:32 of 3rd period - Deflect By Zack Kassian.
5:32 of 3rd period - Stopped by Robin Lehner with a rebound.
5:41 of 3rd period - Icing by Michael Kostka.
5:42 of 3rd period - Matt Moulson wins face-off versus Andrei Loktionov in Sabres zone.
5:43 of 3rd period - Wrist shot by Ryan Ellis.
5:43 of 3rd period - Shot Blocked by Michael Kostka.
6:09 of 3rd period - Snap shot by Evander Kane.
6:09 of 3rd period - Stopped by John Gibson with a rebound.
6:14 of 3rd period - Minor Penalty to Fedor Tyutin for High sticking.
6:15 of 3rd period - Brandon Sutter wins face-off versus Marek Svatos in Nordiques zone.
6:23 of 3rd period - Wrist shot by Brandon Sutter.
6:23 of 3rd period - Shot Misses the Net.
6:27 of 3rd period - Slapshot by Brandon Sutter.
6:27 of 3rd period - Shot Misses the Net.
8:14 of 3rd period - Penalty to Fedor Tyutin is over, Fedor Tyutin is back on ice.
8:27 of 3rd period - Icing by Matt Martin.
8:28 of 3rd period - Jean-Pierre Dumont wins face-off versus Vincent Lecavalier in Sabres zone.
8:39 of 3rd period - Snap shot by Matt Moulson.
8:39 of 3rd period - Shot Misses the Net.
8:41 of 3rd period - Wrist shot by Jarret Stoll.
8:41 of 3rd period - Stopped by Robin Lehner without a rebound.
8:42 of 3rd period - Daniel Briere wins face-off versus Ryan O'Reilly in Sabres zone.
8:51 of 3rd period - Snap shot by Daniel Briere.
8:51 of 3rd period - Stopped by Robin Lehner with a rebound.
9:28 of 3rd period - Slapshot by Ryan Ellis.
9:28 of 3rd period - Shot Misses the Net.
9:30 of 3rd period - Slapshot by Fedor Tyutin.
9:30 of 3rd period - Deflect By Matt Moulson.
9:30 of 3rd period - Shot Misses the Net.
9:30 of 3rd period - Puck is out of play.
9:31 of 3rd period - Vincent Lecavalier wins face-off versus Jarret Stoll in Sabres zone.
9:31 of 3rd period - Vincent Lecavalier is hit by Dmitry Kulikov.
10:05 of 3rd period - Slapshot by Vincent Lecavalier.
10:05 of 3rd period - Shot Misses the Net.
10:07 of 3rd period - Slapshot by Michael Kostka.
10:07 of 3rd period - Shot Misses the Net.
10:09 of 3rd period - Slapshot by Michael Kostka.
10:09 of 3rd period - Deflect By Matt Martin.
10:09 of 3rd period - Shot Blocked by Mark Eaton.
10:09 of 3rd period - Puck is out of play.
10:10 of 3rd period - Ryan O'Reilly wins face-off versus Daniel Briere in Nordiques zone.
10:25 of 3rd period - Snap shot by R.J. Umberger.
10:25 of 3rd period - Shot Misses the Net.
11:18 of 3rd period - Wrist shot by Ilya Kovalchuk.
11:18 of 3rd period - Stopped by John Gibson without a rebound.
11:19 of 3rd period - Ryan O'Reilly wins face-off versus Daniel Briere in Nordiques zone.
11:28 of 3rd period - Backhand shot by Ilya Kovalchuk.
11:28 of 3rd period - Stopped by John Gibson without a rebound.
11:29 of 3rd period - Vladimir Tarasenko wins face-off versus Ryan O'Reilly in Nordiques zone.
12:03 of 3rd period - Minor Penalty to Matt Moulson for Hooking.
12:04 of 3rd period - Brandon Sutter wins face-off versus Marek Svatos in Nordiques zone.
12:04 of 3rd period - Snap shot by Zach Bogosian.
12:04 of 3rd period - Stopped by John Gibson with a rebound.
12:06 of 3rd period - Slapshot by Ilya Kovalchuk.
12:06 of 3rd period - Shot Blocked by Fedor Tyutin.
12:08 of 3rd period - Snap shot by Ilya Kovalchuk.
12:08 of 3rd period - Shot Misses the Net.
12:10 of 3rd period - Wrist shot by Brandon Sutter.
12:10 of 3rd period - Deflect By Ilya Kovalchuk.
12:10 of 3rd period - Stopped by John Gibson with a rebound.
13:01 of 3rd period - Snap shot by Vladimir Tarasenko.
13:01 of 3rd period - Shot Misses the Net.
14:02 of 3rd period - Jared Cowen is hit by Mark Eaton and loses puck.
14:03 of 3rd period - Penalty to Matt Moulson is over, Matt Moulson is back on ice.
14:35 of 3rd period - Rich Peverley is hit by Jordan Leopold and loses puck.
14:44 of 3rd period - Snap shot by Nikolai Kulemin.
14:44 of 3rd period - Shot Misses the Net.
14:54 of 3rd period - Wrist shot by Matt Moulson.
14:54 of 3rd period - Shot Misses the Net.
14:56 of 3rd period - Wrist shot by Jarret Stoll.
14:56 of 3rd period - Goal by Jarret Stoll - Nordiques : 4 - Sabres : 4.
14:57 of 3rd period - Ryan O'Reilly wins face-off versus Daniel Briere in neutral zone.
15:29 of 3rd period - Snap shot by Jean-Pierre Dumont.
15:29 of 3rd period - Shot Blocked by Rob Scuderi.
15:52 of 3rd period - Zach Bogosian is hit by Kyle Calder and loses puck.
16:57 of 3rd period - Slapshot by Bruno Gervais.
16:57 of 3rd period - Shot Misses the Net.
16:59 of 3rd period - Slapshot by Bruno Gervais.
16:59 of 3rd period - Shot Blocked by Evander Kane.
17:01 of 3rd period - Slapshot by Matt Moulson.
17:01 of 3rd period - Shot Hit the Post.
17:03 of 3rd period - Snap shot by Jarret Stoll.
17:03 of 3rd period - Stopped by Robin Lehner without a rebound.
17:04 of 3rd period - Daniel Briere wins face-off versus Vincent Lecavalier in Sabres zone.
17:15 of 3rd period - Slapshot by Jordan Leopold.
17:15 of 3rd period - Shot Hit the Post.
17:17 of 3rd period - Snap shot by Matt Martin.
17:17 of 3rd period - Shot Misses the Net.
17:42 of 3rd period - Minor Penalty to Jordan Leopold for Tripping.
17:43 of 3rd period - Brandon Sutter wins face-off versus Daniel Briere in Sabres zone.
17:51 of 3rd period - R.J. Umberger is hit by Matt Martin and loses puck.
18:00 of 3rd period - Matt Martin is hit by Fedor Tyutin and loses puck.
19:42 of 3rd period - Penalty to Jordan Leopold is over, Jordan Leopold is back on ice.
Goals for this period are 2 for Nordiques vs 0 for Sabres.
Shots for this period are 8 for Nordiques vs 5 for Sabres.

Overtime #1


0:01 of 1st overtime period - Ryan O'Reilly wins face-off versus Marek Svatos in neutral zone.
0:17 of 1st overtime period - Slapshot by Ryan O'Reilly.
0:17 of 1st overtime period - Shot Blocked by Fedor Tyutin.
0:49 of 1st overtime period - Ryan Ellis is hit by Vincent Lecavalier and loses puck.
1:04 of 1st overtime period - Dmitry Kulikov is hit by Kyle Okposo and loses puck.
1:44 of 1st overtime period - Michael Kostka is hit by Mark Eaton and loses puck.
2:17 of 1st overtime period - Ryan Ellis is hit by Kyle Okposo and loses puck.
3:11 of 1st overtime period - Bruno Gervais is hit by Vincent Lecavalier and loses puck.
3:30 of 1st overtime period - Daniel Briere is hit by Ilya Kovalchuk.
4:04 of 1st overtime period - Wrist shot by Matt Moulson.
4:04 of 1st overtime period - Stopped by Robin Lehner without a rebound.
4:05 of 1st overtime period - Vincent Lecavalier wins face-off versus Jean-Pierre Dumont in Sabres zone.
4:14 of 1st overtime period - Matt Moulson is hit by Zack Kassian and loses puck.
4:32 of 1st overtime period - Fedor Tyutin is hit by Rob Scuderi and loses puck.
4:46 of 1st overtime period - Off-side.
4:47 of 1st overtime period - Marek Svatos wins face-off versus Ryan O'Reilly in neutral zone.
4:54 of 1st overtime period - Wrist shot by Marek Svatos.
4:54 of 1st overtime period - Stopped by Robin Lehner without a rebound.
4:55 of 1st overtime period - Ryan O'Reilly wins face-off versus Marek Svatos in Sabres zone.
Goals for this period are 0 for Nordiques vs 0 for Sabres.
Shots for this period are 2 for Nordiques vs 0 for Sabres.

ShootOut


5:00 of 1st overtime period - Penalty Shot by Marek Svatos for Nordiques.
5:00 of 1st overtime period - Deke by Marek Svatos.
5:00 of 1st overtime period - Shot Misses the Net.
5:00 of 1st overtime period - Penalty Shot by Ilya Kovalchuk for Sabres.
5:00 of 1st overtime period - Wrist shot by Ilya Kovalchuk.
5:00 of 1st overtime period - Stopped by John Gibson.
5:00 of 1st overtime period - Penalty Shot by Daniel Briere for Nordiques.
5:00 of 1st overtime period - Snap shot by Daniel Briere.
5:00 of 1st overtime period - Stopped by Robin Lehner.
5:00 of 1st overtime period - Penalty Shot by Vincent Lecavalier for Sabres.
5:00 of 1st overtime period - Backhand shot by Vincent Lecavalier.
5:00 of 1st overtime period - Goal by Vincent Lecavalier.
5:00 of 1st overtime period - Penalty Shot by Vladimir Tarasenko for Nordiques.
5:00 of 1st overtime period - Snap shot by Vladimir Tarasenko.
5:00 of 1st overtime period - Stopped by Robin Lehner.